[Event "Titled Tuesday Blitz August 1 Early 2023"]
[White "A_cceleratoR"]
[Black "Shukhman, Anna"]
[BlackFideId "54180058"]
[WhiteElo "2303"]
[BlackElo "2595"]
[Result "0-1"]
[Round "1"]
[TimeControl "180+1"]
[Date "2023.08.01"]
[WhiteClock "0:01:39"]
[BlackClock "0:01:56"]
[Board "177"]

1. e4 c5 2. Nc3 e6 3. f4 d5 4. Nf3 Nc6 5. Bb5 Ne7 6. d3 a6 7. Bxc6+ Nxc6 8. O-O dxe4 9. dxe4 Qxd1 10. Rxd1 Be7 11. a3 O-O 12. Be3 b5 13. Kf2 Rd8 14. Rxd8+ Nxd8 15. Rd1 Kf8 16. Ne5 Ke8 17. b4 cxb4 18. axb4 Bb7 19. Bc5 Rc8 20. Bxe7 Kxe7 21. Rd7+ Ke8 22. Ne2 Bxe4 23. c3 f6 24. Rxg7 fxe5 25. fxe5 Nf7 26. Rg8+ Kd7 27. Rg7 Ke7 28. Ke3 Bg6 29. Kd4 Rc4+ 30. Ke3 Kf8 0-1


[Site "https://www.chess.com"]

[Event "Titled Tuesday Blitz August 1 Early 2023"]
[White "Soham Kamotra"]
[Black "SicilianPanzer"]
[WhiteFideId "46647490"]
[WhiteElo "2594"]
[BlackElo "2303"]
[Result "0-1"]
[Round "1"]
[TimeControl "180+1"]
[Date "2023.08.01"]
[WhiteClock "0:00:00"]
[BlackClock "0:00:04"]
[Board "178"]

1. b3 Nf6 2. Bb2 g6 3. Bxf6 exf6 4. c4 d5 5. cxd5 Qxd5 6. Nc3 Qa5 7. g3 Ba3 8. Qc2 Bf5 9. e4 Be6 10. Bg2 Nc6 11. Nge2 Rd8 12. d4 Rxd4 13. Nxd4 Nxd4 14. Qd3 Bb4 15. Rc1 Nb5 16. O-O Nxc3 17. a3 Qxa3 18. Rxc3 Bxc3 19. Qxc3 O-O 20. Qxf6 Qxb3 21. h4 h5 22. Qe7 Qb6 23. Bf3 Bg4 24. Bxg4 hxg4 25. Rd1 Qe6 26. Qxc7 Qxe4 27. Rd7 b5 28. Qxa7 Qf3 29. h5 Re8 30. Qa1 gxh5 31. Rd4 Qf5 32. Rf4 Qg6 33. Qf1 Re6 34. Qxb5 Kg7 35. Kh2 Kh7 36. Qb2 f6 37. Qb3 Re7 38. Qb6 Rf7 39. Qe6 Kg7 40. Rf5 Qh6 41. Rd5 h4 42. Kg2 hxg3 43. Qxg4+ Qg6 44. Qxg3 Qxg3+ 45. Kxg3 Kg6 46. Kf4 f5 47. Rd6+ Rf6 0-1


[Site "https://www.chess.com"]

[Event "Titled Tuesday Blitz August 1 Early 2023"]
[White "Antonio, Jorge Carlos"]
[Black "robertoalejandro10"]
[WhiteFideId "113190"]
[WhiteElo "2302"]
[BlackElo "2591"]
[Result "1-0"]
[Round "1"]
[TimeControl "180+1"]
[Date "2023.08.01"]
[WhiteClock "0:00:45"]
[BlackClock "0:00:29"]
[Board "179"]

1. e4 c5 2. Nf3 g6 3. d4 cxd4 4. Nxd4 Bg7 5. c3 Nc6 6. Be3 Nf6 7. Nd2 O-O 8. f3 d5 9. Be2 dxe4 10. fxe4 h5 11. Nxc6 bxc6 12. O-O Ng4 13. Bxg4 Bxg4 14. Qe1 Qd3 15. Bc5 Rfd8 16. Nb3 Rd7 17. Bd4 Qc2 18. Bxg7 Kxg7 19. h3 Be6 20. Qf2 Bxb3 21. axb3 Qxb3 22. Ra5 Rad8 23. Rxa7 Rd2 24. Qc5 Qxb2 25. Rxf7+ Kh6 26. Rh7+ Kxh7 27. Qxe7+ Kh6 28. Qg7+ Kg5 29. Qe5+ Kh6 30. Qf4+ 1-0


[Site "https://www.chess.com"]

[Event "Titled Tuesday Blitz August 1 Early 2023"]
[White "Nurgaliyeva, Zarina"]
[Black "Georg, Heinz"]
[WhiteFideId "13730096"]
[BlackFideId "4607295"]
[WhiteElo "2589"]
[BlackElo "2301"]
[Result "1-0"]
[Round "1"]
[TimeControl "180+1"]
[Date "2023.08.01"]
[WhiteClock "0:00:49"]
[BlackClock "0:00:08"]
[Board "180"]

1. e4 e5 2. Nf3 Nc6 3. Nc3 Nf6 4. Bb5 Nd4 5. O-O Nxb5 6. Nxb5 c6 7. Nc3 d6 8. d4 Bg4 9. dxe5 Bxf3 10. Qxf3 dxe5 11. Be3 Qc8 12. h3 Bb4 13. Ne2 O-O 14. Ng3 Qe6 15. Nf5 g6 16. Bh6 Rfe8 17. Ng7 Qe7 18. Nxe8 Nxe8 19. Rad1 Qe6 20. a3 Be7 21. Qb3 Qxb3 22. cxb3 g5 23. Rd7 Bd8 24. Rfd1 Bf6 25. Rxb7 1-0


[Site "https://www.chess.com"]

[Event "Titled Tuesday Blitz August 1 Early 2023"]
[White "Ziatdinov, Raset"]
[Black "Guz, Ari"]
[WhiteFideId "2015323"]
[BlackFideId "2825759"]
[WhiteElo "2298"]
[BlackElo "2588"]
[Result "1-0"]
[Round "1"]
[TimeControl "180+1"]
[Date "2023.08.01"]
[WhiteClock "0:00:44"]
[BlackClock "0:00:01"]
[Board "181"]

1. e4 e6 2. d4 d5 3. Nc3 Nf6 4. e5 Nfd7 5. f4 c5 6. Nf3 Nc6 7. Be3 a6 8. Qd2 Be7 9. Be2 b5 10. a3 Qb6 11. O-O O-O 12. Rad1 Bb7 13. Kh1 Rac8 14. dxc5 Bxc5 15. Nd4 Nxd4 16. Bxd4 Bxd4 17. Qxd4 Qxd4 18. Rxd4 f6 19. exf6 Rxf6 20. Bg4 Rcf8 21. Re1 Nc5 22. g3 Kf7 23. b4 Nd7 24. Kg1 Nb6 25. Rd2 Nc4 26. Rde2 Re8 27. Bf3 Rd8 28. a4 Bc6 29. axb5 Bxb5 30. Nxb5 axb5 31. Ra1 e5 32. Ra7+ Kg8 33. Ra8 Rxa8 34. Bxd5+ Kf8 35. Bxa8 exf4 36. gxf4 Rxf4 37. Bc6 Nd6 38. Rd2 Rf7 39. Rxd6 Rf4 40. Rd8+ Ke7 41. Rd7+ Ke6 42. Rxg7 Rxb4 43. Rxh7 Kf6 44. Rh3 Rb2 45. Be4 Ke5 46. Bh7 b4 47. Rb3 Ra2 48. Rxb4 Kd5 49. Bg8+ Kc5 50. Bxa2 Kxb4 51. h4 Kc3 52. h5 1-0


[Site "https://www.chess.com"]

[Event "Titled Tuesday Blitz August 1 Early 2023"]
[White "Kupervaser, Erez"]
[Black "Kaminski, Victor"]
[WhiteFideId "2814587"]
[BlackFideId "1131630"]
[WhiteElo "2588"]
[BlackElo "2295"]
[Result "0-1"]
[Round "1"]
[TimeControl "180+1"]
[Date "2023.08.01"]
[WhiteClock "0:00:14"]
[BlackClock "0:00:06"]
[Board "182"]

1. e4 e5 2. Nf3 Nc6 3. Bb5 a6 4. Ba4 Nf6 5. O-O Be7 6. Re1 b5 7. Bb3 O-O 8. a4 Bb7 9. d3 d6 10. Bd2 Qd7 11. Na3 Nd4 12. Nxd4 exd4 13. axb5 axb5 14. c3 dxc3 15. bxc3 c5 16. f3 Bc6 17. Qe2 d5 18. e5 Ne8 19. c4 Nc7 20. Nc2 Rxa1 21. Rxa1 bxc4 22. dxc4 d4 23. Ne1 Rb8 24. Bc2 Ne6 25. f4 g6 26. f5 Nf8 27. Qf2 Rb2 28. Bc1 Rxc2 29. Qxc2 gxf5 30. Qf2 Ng6 31. Nd3 Be4 32. Nf4 Bh4 33. g3 Be7 34. Ra6 Bb7 35. e6 Nxf4 36. exd7 Nh3+ 37. Kf1 Nxf2 38. Ra7 Bc6 39. Kxf2 Bd8 40. Bf4 Kf8 41. Bd6+ Kg7 42. Bxc5 Kf6 43. Bxd4+ Ke6 44. Ke3 Bxd7 45. Ra6+ Ke7 46. Kf3 Ke8 47. Ra8 Bc6+ 48. Kf4 Bxa8 49. Kxf5 Bc6 50. Be5 Bd7+ 51. Ke4 Be6 52. Kd4 Kd7 53. h4 Kc6 54. Bg7 h5 55. c5 Bc7 56. Bf8 Bxg3 57. Ke3 Bxh4 58. Kf4 Bf2 59. Kg5 h4 60. Bd6 h3 61. Kf6 Bxc5 62. Bh2 Bd4+ 63. Ke7 Kd5 64. Ke8 f5 65. Ke7 Be5 66. Bg1 h2 0-1


[Site "https://www.chess.com"]

[Event "Titled Tuesday Blitz August 1 Early 2023"]
[White "Freile Martin, Javier"]
[Black "Borgaonkar Akshay"]
[WhiteFideId "3600165"]
[BlackFideId "25639110"]
[WhiteElo "2294"]
[BlackElo "2587"]
[Result "1-0"]
[Round "1"]
[TimeControl "180+1"]
[Date "2023.08.01"]
[WhiteClock "0:00:43"]
[BlackClock "0:00:13"]
[Board "183"]

1. c4 Nf6 2. Nc3 e5 3. Nf3 e4 4. Ng5 c6 5. Ngxe4 Nxe4 6. Nxe4 d5 7. cxd5 cxd5 8. Ng3 h5 9. e3 h4 10. Ne2 h3 11. gxh3 Nc6 12. b3 Nb4 13. Nf4 Qa5 14. Bb2 Bf5 15. Bc3 Rc8 16. Be2 Rxc3 17. dxc3 Nc2+ 18. Kf1 Nxa1 19. Qxa1 g5 20. c4 Bxh3+ 21. Nxh3 Rxh3 22. Qe5+ Be7 23. Bg4 Rh4 24. h3 Qxa2 25. Qxd5 Qxb3 26. Kg2 Qb6 27. Rd1 Kf8 28. Qf5 Qc6+ 29. Bf3 Qxc4 30. Bd5 Qxd5+ 31. Rxd5 Rh6 32. Rd7 Rf6 33. Qd5 Re6 34. Qxb7 a5 35. Qa8+ Kg7 36. Qxa5 Bf6 37. Qf5 Re5 38. Qd3 Re6 39. Qd5 Be7 40. Qxe6 1-0


[Site "https://www.chess.com"]

[Event "Titled Tuesday Blitz August 1 Early 2023"]
[White "NovoselovRoman"]
[Black "Barwinska, Ewa"]
[BlackFideId "21833761"]
[WhiteElo "2586"]
[BlackElo "2293"]
[Result "1-0"]
[Round "1"]
[TimeControl "180+1"]
[Date "2023.08.01"]
[WhiteClock "0:01:27"]
[BlackClock "0:00:13"]
[Board "184"]

1. e4 c5 2. Nc3 d6 3. g3 g6 4. Bg2 Bg7 5. d3 Nc6 6. Be3 e6 7. Nf3 Nge7 8. Qd2 b6 9. Bh6 O-O 10. h4 d5 11. h5 dxe4 12. Nxe4 Nf5 13. Bxg7 Kxg7 14. hxg6 fxg6 15. g4 Ncd4 16. Nxd4 Qxd4 17. gxf5 h5 18. f6+ Kf7 19. Qh6 Ke8 20. Qxg6+ Kd8 21. Qg7 1-0


[Site "https://www.chess.com"]

[Event "Titled Tuesday Blitz August 1 Early 2023"]
[White "Fernandez Siles, Luis"]
[Black "Kashlinskaya, Alina"]
[WhiteFideId "2209420"]
[BlackFideId "4198026"]
[WhiteElo "2289"]
[BlackElo "2585"]
[Result "0-1"]
[Round "1"]
[TimeControl "180+1"]
[Date "2023.08.01"]
[WhiteClock "0:00:27"]
[BlackClock "0:01:27"]
[Board "185"]

1. e4 c6 2. d4 d5 3. exd5 cxd5 4. c4 Nf6 5. Nc3 e6 6. Nf3 Nc6 7. cxd5 Nxd5 8. Bd3 Be7 9. O-O O-O 10. Re1 b6 11. a3 Bb7 12. Bc2 Rc8 13. Qd3 g6 14. Bh6 Re8 15. Rad1 Nxc3 16. bxc3 Bxa3 17. h4 Be7 18. h5 Qd5 19. hxg6 hxg6 20. Ba4 a6 21. c4 Qh5 22. Be3 Nb4 23. Qb1 Bxf3 24. gxf3 b5 25. cxb5 axb5 26. d5 Nxd5 27. Bxb5 Nc3 0-1


[Site "https://www.chess.com"]

[Event "Titled Tuesday Blitz August 1 Early 2023"]
[White "Sourath Biswas"]
[Black "San Thit Lwin"]
[WhiteFideId "35091484"]
[BlackFideId "13001272"]
[WhiteElo "2584"]
[BlackElo "2289"]
[Result "1-0"]
[Round "1"]
[TimeControl "180+1"]
[Date "2023.08.01"]
[WhiteClock "0:01:47"]
[BlackClock "0:01:42"]
[Board "186"]

1. d4 Nf6 2. Nf3 c5 3. c3 e6 4. Bf4 d5 5. e3 Nc6 6. Nbd2 Bd6 7. Bg3 O-O 8. Bd3 b6 9. e4 dxe4 10. Nxe4 Bxg3 11. hxg3 h6 12. dxc5 Bb7 13. Nd6 Qc7 14. Nxb7 Qxb7 15. cxb6 Qxb6 16. Qe2 Rfd8 17. O-O Rab8 18. Rab1 Ne7 19. Rfd1 Ned5 20. Ne5 Qc7 21. a3 Rb6 22. c4 Ne7 23. b4 Rbd6 24. Bc2 Rxd1+ 25. Rxd1 Rxd1+ 26. Bxd1 Nf5 27. Nf3 Nd6 28. c5 Nde4 29. Bc2 Nc3 30. Qd3 Ncd5 31. Qd4 a5 32. b5 1-0


[Site "https://www.chess.com"]

[Event "Titled Tuesday Blitz August 1 Early 2023"]
[White "Hajiyev, Kanan"]
[Black "EdmundPlayer"]
[WhiteFideId "13404148"]
[WhiteElo "2582"]
[BlackElo "2280"]
[Result "1-0"]
[Round "1"]
[TimeControl "180+1"]
[Date "2023.08.01"]
[WhiteClock "0:01:49"]
[BlackClock "0:00:46"]
[Board "188"]

1. d4 Nf6 2. Nf3 g6 3. g3 Bg7 4. Bg2 d5 5. O-O O-O 6. b3 c5 7. Bb2 cxd4 8. Nxd4 Nc6 9. Nxc6 bxc6 10. c4 Bb7 11. Qc2 e6 12. Rd1 Qb6 13. e3 a5 14. Nc3 Ba6 15. Na4 Qc7 16. cxd5 exd5 17. Rac1 Qd6 18. Qxc6 Qxc6 19. Rxc6 Bb5 20. Rxf6 Bxa4 21. bxa4 Rfc8 22. Rb6 Rc2 23. Bxg7 Kxg7 24. Bxd5 Rd8 1-0


[Site "https://www.chess.com"]

[Event "Titled Tuesday Blitz August 1 Early 2023"]
[White "Doluhanova, Evgeniya"]
[Black "Thomforde-Toates, Noah"]
[WhiteFideId "14112035"]
[BlackFideId "30951992"]
[WhiteElo "2280"]
[BlackElo "2582"]
[Result "0-1"]
[Round "1"]
[TimeControl "180+1"]
[Date "2023.08.01"]
[WhiteClock "0:00:09"]
[BlackClock "0:00:39"]
[Board "189"]

1. e4 d6 2. d4 Nf6 3. Nd2 e5 4. Ngf3 Nbd7 5. Bc4 Be7 6. O-O c6 7. a4 h6 8. Bb3 Qc7 9. c3 g5 10. Re1 Nf8 11. Nc4 Ng6 12. Bxg5 hxg5 13. Nxg5 exd4 14. cxd4 d5 15. Ne5 Nxe5 16. dxe5 Qxe5 17. Nf3 Qh5 18. exd5 Nxd5 19. Qe2 Be6 20. Bxd5 Qxd5 21. Rad1 Qh5 22. Qe3 Rg8 23. Nd4 Qg5 24. Qf3 Bd5 25. Rxe7+ Qxe7 26. Qc3 Rxg2+ 27. Kf1 Rxh2 28. f3 Rh1+ 0-1


[Site "https://www.chess.com"]

[Event "Titled Tuesday Blitz August 1 Early 2023"]
[White "Gunduz, Umut Erdem"]
[Black "Xavier_mompel"]
[WhiteFideId "6381383"]
[WhiteElo "2581"]
[BlackElo "2279"]
[Result "1-0"]
[Round "1"]
[TimeControl "180+1"]
[Date "2023.08.01"]
[WhiteClock "0:01:37"]
[BlackClock "0:00:37"]
[Board "190"]

1. e4 c5 2. Nf3 e6 3. d4 cxd4 4. Nxd4 Nc6 5. Nc3 Qc7 6. Be3 a6 7. g4 h6 8. h4 Nf6 9. a3 Ne5 10. Rg1 Be7 11. g5 hxg5 12. hxg5 Nh5 13. f4 Nc6 14. Rh1 g6 15. Nxc6 dxc6 16. Be2 Bd7 17. Bxh5 gxh5 18. Rxh5 O-O-O 19. Qf3 Rxh5 20. Qxh5 Be8 21. Rd1 Rxd1+ 22. Kxd1 Qd7+ 23. Kc1 c5 24. Qh8 b5 25. f5 b4 26. g6 bxc3 27. gxf7 Kd8 28. fxe8=Q+ Qxe8 29. Qxe8+ Kxe8 30. fxe6 c4 31. Bd4 cxb2+ 32. Kxb2 Bd6 33. Bf6 a5 34. Kc3 Bxa3 35. Kxc4 Bd6 36. Kb5 Bb4 37. c3 1-0


[Site "https://www.chess.com"]

[Event "Titled Tuesday Blitz August 1 Early 2023"]
[White "Warchol, Kamil"]
[Black "Bodnaruk, Anastasia"]
[WhiteFideId "21858241"]
[BlackFideId "4181751"]
[WhiteElo "2278"]
[BlackElo "2580"]
[Result "0-1"]
[Round "1"]
[TimeControl "180+1"]
[Date "2023.08.01"]
[WhiteClock "0:00:00"]
[BlackClock "0:00:07"]
[Board "191"]

1. e4 c5 2. Nf3 d6 3. d4 cxd4 4. Nxd4 Nf6 5. Nc3 a6 6. Be3 e5 7. Nf3 Qc7 8. a4 Be7 9. Be2 Be6 10. O-O O-O 11. a5 Nbd7 12. Ng5 Nc5 13. b4 Nb3 14. cxb3 Qxc3 15. Nxe6 fxe6 16. Bc4 Nxe4 17. Bxe6+ Kh8 18. Bd5 Nf6 19. Bxb7 Rab8 20. Bxa6 d5 21. b5 d4 22. Bd2 Qc5 23. Rc1 Qd5 24. b6 e4 25. Bc4 Qe5 26. Qe2 d3 27. Qd1 Bd6 28. g3 Qf5 29. f3 Bc5+ 30. Kg2 e3 31. Bxe3 Bxe3 32. Ra1 d2 33. Qe2 Rfe8 34. Qd3 Qc5 35. Ra4 Rbd8 36. Qc2 Bh6 37. b4 Qd4 38. Raa1 Rc8 39. b7 Rxc4 40. Qa4 Rd8 41. a6 Rc1 0-1


[Site "https://www.chess.com"]

[Event "Titled Tuesday Blitz August 1 Early 2023"]
[White "Parpiev, Isaak"]
[Black "Zaichenko, Daria"]
[WhiteFideId "34281576"]
[BlackFideId "4197453"]
[WhiteElo "2580"]
[BlackElo "2277"]
[Result "1-0"]
[Round "1"]
[TimeControl "180+1"]
[Date "2023.08.01"]
[WhiteClock "0:00:43"]
[BlackClock "0:00:05"]
[Board "192"]

1. d4 d5 2. c4 e6 3. Nc3 Be7 4. Nf3 Nf6 5. Bg5 O-O 6. e3 Nbd7 7. cxd5 Nxd5 8. Bxe7 Qxe7 9. Nxd5 exd5 10. Qc2 c5 11. Bd3 h6 12. dxc5 Nxc5 13. O-O Nxd3 14. Qxd3 Be6 15. Nd4 Rac8 16. Rac1 Qb4 17. b3 a6 18. h3 Qa3 19. Qd2 b5 20. Nc6 Qd6 21. Nd4 Qa3 22. Nxe6 fxe6 23. e4 Rxc1 24. Rxc1 dxe4 25. Rc6 Qe7 26. Rxa6 Rc8 27. Qe3 e5 28. Qxe4 Qg5 29. Ra8 Rxa8 30. Qxa8+ Kh7 31. Qe4+ Kg8 32. Qd5+ Kh8 33. Qxb5 Qc1+ 34. Qf1 Qa3 35. Qe2 Qc1+ 36. Kh2 Qf4+ 37. g3 Qd4 38. a4 e4 39. a5 Qb4 40. a6 Qxb3 41. Qxe4 Qb6 42. Qa8+ Kh7 43. Kg2 Qa5 44. Qe4+ g6 45. Qb7+ Kh8 46. a7 1-0


[Site "https://www.chess.com"]

[Event "Titled Tuesday Blitz August 1 Early 2023"]
[White "Martin, Lewis"]
[Black "Gireman, Ja"]
[WhiteFideId "410551"]
[BlackFideId "5043794"]
[WhiteElo "2272"]
[BlackElo "2577"]
[Result "1/2-1/2"]
[Round "1"]
[TimeControl "180+1"]
[Date "2023.08.01"]
[WhiteClock "0:00:35"]
[BlackClock "0:00:10"]
[Board "193"]

1. e4 e6 2. d4 d5 3. Nd2 Be7 4. Ngf3 Nf6 5. Bd3 c5 6. exd5 exd5 7. dxc5 O-O 8. O-O Bxc5 9. Nb3 Be7 10. c3 Nc6 11. Bg5 h6 12. Bh4 Bg4 13. Re1 Re8 14. h3 Bh5 15. g4 Nxg4 16. Bxe7 Rxe7 17. Rxe7 Qxe7 18. hxg4 Bxg4 19. Nbd2 Re8 20. Qa4 Bxf3 21. Nxf3 Qf6 22. Qg4 g6 23. Re1 Rxe1+ 24. Nxe1 d4 25. Qc8+ Kg7 26. Qxb7 dxc3 27. bxc3 Qxc3 28. Kf1 h5 29. Qb3 Qf6 30. Qd5 h4 31. Be4 Ne5 32. Nf3 Nxf3 33. Bxf3 h3 34. Kg1 g5 35. Kh2 g4 36. Bxg4 Qxf2+ 37. Kxh3 Qe3+ 38. Bf3 f6 39. Kg3 Kh6 40. Qh5+ Kg7 41. Qg4+ Kf7 42. Qh5+ Kg7 43. Qd5 Qg1+ 44. Kf4 Qc1+ 45. Kf5 Qb1+ 46. Be4 Qf1+ 47. Ke6 Qa6+ 48. Qc6 Qxa2+ 49. Bd5 Qe2+ 50. Be4 Qa2+ 51. Ke7 Qa3+ 52. Kd8 Qf8+ 53. Kc7 Qe7+ 54. Kb8 Qe5+ 55. Kxa7 Qa5+ 56. Kb7 Qb4+ 57. Kc7 Qe7+ 58. Kc8 Qf8+ 59. Kd7 Qf7+ 60. Kd6 Qf8+ 61. Ke6 Qf7+ 62. Kf5 Qg6+ 63. Kf4 Qh6+ 64. Kf3 Qh3+ 65. Ke2 Qh2+ 66. Ke3 Qg3+ 67. Bf3 Qe5+ 68. Kd3 Qf5+ 69. Qe4 Qxe4+ 70. Bxe4 f5 71. Bxf5 1/2-1/2


[Site "https://www.chess.com"]

[Event "Titled Tuesday Blitz August 1 Early 2023"]
[White "Mendez Fortes, Eduardo Jesus"]
[Black "Schut, Han"]
[WhiteFideId "3502376"]
[BlackFideId "1005561"]
[WhiteElo "2575"]
[BlackElo "2269"]
[Result "1/2-1/2"]
[Round "1"]
[TimeControl "180+1"]
[Date "2023.08.01"]
[WhiteClock "0:00:20"]
[BlackClock "0:00:23"]
[Board "194"]

1. e4 c5 2. Nf3 d6 3. d4 cxd4 4. Nxd4 Nf6 5. Nc3 a6 6. Bg5 e6 7. f4 Be7 8. Qf3 h6 9. Bh4 g5 10. fxg5 Nfd7 11. Nxe6 fxe6 12. Qh5+ Kf8 13. Bb5 Kg7 14. O-O Ne5 15. Bg3 Ng6 16. gxh6+ Rxh6 17. Qf3 axb5 18. Qf7+ Kh8 19. Nxb5 Nc6 20. Rad1 Nce5 21. Qf2 Ng4 22. Qe2 Qb6+ 23. Kh1 Ne3 24. Bf2 Bd7 25. Nc3 Bg5 26. Rd3 Kg7 27. Bxe3 Bxe3 28. Rxe3 Rah8 29. h3 e5 30. Nd5 Qd8 31. Rg3 Bxh3 32. gxh3 Rxh3+ 33. Rxh3 Rxh3+ 34. Kg2 Qh4 35. Qf3 Rxf3 36. Kxf3 Qh3+ 37. Ke2 Nh4 38. Rf2 Ng2 39. c4 Nf4+ 40. Nxf4 exf4 41. Rxf4 Qg2+ 42. Kd3 Qg1 43. Rf5 Qb6 44. Rb5 Qc6 45. a3 Kf6 46. Kd4 Ke6 47. b4 Qc7 48. a4 b6 49. a5 bxa5 50. bxa5 Qa7+ 51. Kc3 Qe3+ 52. Kb4 Qxe4 53. a6 Qa8 54. Ra5 Qa7 55. Ka4 Kd7 56. Kb4 Kc6 57. Ka4 Kc7 58. Kb4 Qb6+ 59. Ka4 Qc6+ 60. Ka3 Qxc4 61. a7 Qc3+ 62. Ka4 Qc6+ 63. Kb3 Qa8 64. Kb4 Kb7 65. Rb5+ Kxa7 66. Ra5+ Kb7 67. Rxa8 Kxa8 68. Kc4 Kb7 69. Kd5 Kc7 70. Kd4 Kc6 71. Kc4 d5+ 72. Kd4 Kd6 73. Kd3 Ke5 74. Ke3 Kf5 75. Kd4 Ke6 76. Ke3 Kd6 77. Kd4 Ke6 78. Ke3 Ke5 79. Kd3 d4 80. Kd2 Kd5 81. Kd3 Kc5 82. Kd2 Kc4 83. Kc2 d3+ 84. Kd2 Kd5 85. Kxd3 1/2-1/2


[Site "https://www.chess.com"]

[Event "Titled Tuesday Blitz August 1 Early 2023"]
[White "Smietanska, Wiktoria"]
[Black "Zavgorodniy, Sergiy"]
[WhiteFideId "21869359"]
[BlackFideId "14110148"]
[WhiteElo "2267"]
[BlackElo "2574"]
[Result "0-1"]
[Round "1"]
[TimeControl "180+1"]
[Date "2023.08.01"]
[WhiteClock "0:00:00"]
[BlackClock "0:00:15"]
[Board "195"]

1. c4 Nf6 2. Nc3 d6 3. g3 e5 4. d4 exd4 5. Qxd4 g6 6. Bg2 Bg7 7. Qd2 O-O 8. b3 Nbd7 9. Bb2 Ne5 10. Nf3 Nxf3+ 11. Bxf3 Bh3 12. Bxb7 Rb8 13. Bf3 Nd7 14. Rg1 Re8 15. Bg2 Bf5 16. Kf1 Nc5 17. h3 h5 18. Nd5 Ne4 19. Qc1 c6 20. Bxg7 Kxg7 21. Qb2+ f6 22. Ne3 Nxg3+ 23. Ke1 Rxe3 24. fxe3 Qe7 25. Qd4 g5 26. Bxc6 h4 27. Rd1 Rc8 28. Qxd6 Qxe3 29. Rg2 Bxh3 30. Bd7 Rd8 31. Qc7 Qe7 32. Qd6 Qxd6 33. Rxd6 Bxg2 34. c5 Bc6 35. Bxc6 Rxd6 36. cxd6 Kf7 37. Bd5+ Ke8 38. Bc6+ Kd8 39. b4 Nf5 40. e4 Nxd6 41. Bd5 g4 42. Be6 g3 43. Bd5 h3 44. Kf1 Ke7 45. Kg1 Nf7 46. b5 Ne5 47. a4 Nf3+ 48. Kf1 g2+ 49. Kf2 g1=Q+ 50. Kxf3 h2 0-1


[Site "https://www.chess.com"]

[Event "Titled Tuesday Blitz August 1 Early 2023"]
[White "Ingebretsen, Jens E"]
[Black "Joshi, Pankaj"]
[WhiteFideId "1522965"]
[BlackFideId "5006210"]
[WhiteElo "2574"]
[BlackElo "2259"]
[Result "1-0"]
[Round "1"]
[TimeControl "180+1"]
[Date "2023.08.01"]
[WhiteClock "0:01:00"]
[BlackClock "0:00:09"]
[Board "196"]

1. d4 Nf6 2. c4 g6 3. Nc3 Bg7 4. e4 d6 5. Be2 O-O 6. Be3 c5 7. d5 e6 8. Nf3 exd5 9. exd5 Ng4 10. Bf4 Re8 11. O-O a6 12. Re1 Ne5 13. Nxe5 Bxe5 14. Bxe5 Rxe5 15. Bd3 Nd7 16. Ne4 Nf6 17. Nxf6+ Qxf6 18. Rxe5 Qxe5 19. Qd2 Bf5 20. Bxf5 Qxf5 21. Re1 Qf6 22. Qc3 Qxc3 23. bxc3 Kf8 24. Rb1 b5 25. f3 Ke7 26. Kf2 bxc4 27. Rb7+ Kf6 28. f4 h5 29. Rd7 Rb8 30. Rxd6+ Ke7 31. Rxa6 Rb2+ 32. Kf3 Rc2 33. f5 Rxc3+ 34. Ke4 gxf5+ 35. Kxf5 Rd3 36. Ke5 c3 37. Ra7+ Ke8 38. Rc7 Rd2 39. Kd6 f5 40. Rc8+ Kf7 41. Rxc5 c2 42. g3 h4 43. a4 hxg3 44. hxg3 Kf6 45. a5 Kg5 46. a6 c1=Q 47. Rxc1 Ra2 48. Rc6 Kg4 49. Ke5 Re2+ 50. Kf6 Ra2 51. d6 Kxg3 52. Kxf5 1-0


[Site "https://www.chess.com"]

[Event "Titled Tuesday Blitz August 1 Early 2023"]
[White "Balint, Vilmos"]
[Black "Bilan, Danila"]
[WhiteFideId "718050"]
[BlackFideId "24161918"]
[WhiteElo "2258"]
[BlackElo "2572"]
[Result "0-1"]
[Round "1"]
[TimeControl "180+1"]
[Date "2023.08.01"]
[WhiteClock "0:01:17"]
[BlackClock "0:00:05"]
[Board "197"]

1. e4 c6 2. d4 d5 3. e5 c5 4. a3 cxd4 5. b4 Nc6 6. f4 Bf5 7. Bb2 e6 8. Nf3 Nge7 9. Bb5 a6 10. Ba4 b5 11. Bb3 Be4 12. O-O Nf5 13. Rf2 Qb6 14. Qd2 Be7 15. g4 Bxf3 16. Rxf3 d3+ 17. Kh1 Nfd4 18. Rxd3 Nxb3 19. cxb3 O-O 20. Nc3 a5 21. bxa5 Nxa5 22. Ne2 b4 23. a4 Rac8 24. Nd4 Nc4 25. bxc4 dxc4 26. Nb5 cxd3 27. Qxd3 Qc6+ 28. Kg1 Bc5+ 29. Bd4 Rfd8 30. Rd1 Qd5 31. Qe3 b3 32. Nd6 Bxd6 33. exd6 Rxd6 34. Rd2 Rc2 35. Rxc2 bxc2 36. Bb2 Qd1+ 37. Kg2 Rd2+ 38. Kh3 Rd3 0-1


[Site "https://www.chess.com"]

[Event "Titled Tuesday Blitz August 1 Early 2023"]
[White "Karamsetty, Jeevan"]
[Black "Thiel, Thomas"]
[WhiteFideId "2025337"]
[BlackFideId "4615964"]
[WhiteElo "2571"]
[BlackElo "2257"]
[Result "1-0"]
[Round "1"]
[TimeControl "180+1"]
[Date "2023.08.01"]
[WhiteClock "0:00:19"]
[BlackClock "0:00:57"]
[Board "198"]

1. e4 d5 2. exd5 Nf6 3. d4 Nxd5 4. c4 Nb6 5. Nc3 e5 6. d5 Bb4 7. Bd2 c6 8. dxc6 Nxc6 9. Nf3 Be6 10. b3 O-O 11. a3 Bxc3 12. Bxc3 Bg4 13. Be2 Qxd1+ 14. Rxd1 Rfe8 15. c5 Nd7 16. h3 Bxf3 17. Rxd7 Bxg2 18. Rg1 Bxh3 19. Rxb7 Nd4 20. Rg3 Bf5 21. Bc4 Be6 22. Bxe6 Rxe6 23. Bxd4 exd4+ 24. Kd2 a5 25. Rd3 Rc6 26. b4 axb4 27. axb4 Ra2+ 28. Kc1 g6 29. Rxd4 Rxf2 30. Rd6 Rc8 31. c6 h5 32. c7 1-0


[Site "https://www.chess.com"]

[Event "Titled Tuesday Blitz August 1 Early 2023"]
[White "Vaglio Munoz, Jaime"]
[Black "Sturt, Raven"]
[WhiteFideId "6500145"]
[BlackFideId "2007304"]
[WhiteElo "2257"]
[BlackElo "2570"]
[Result "0-1"]
[Round "1"]
[TimeControl "180+1"]
[Date "2023.08.01"]
[WhiteClock "0:00:24"]
[BlackClock "0:00:14"]
[Board "199"]

1. Nf3 f5 2. c4 Nf6 3. b3 g6 4. Bb2 Bg7 5. g3 O-O 6. Bg2 d6 7. d4 Qe8 8. O-O Na6 9. Na3 Ne4 10. Rc1 c6 11. Nd2 Nxd2 12. Qxd2 e5 13. e3 e4 14. d5 Bxb2 15. Qxb2 Nc5 16. Qc3 a5 17. Rfd1 Qe7 18. Bf1 Bd7 19. Nc2 Rfd8 20. a3 a4 21. b4 Nb3 22. Rb1 Rac8 23. dxc6 Bxc6 24. Nd4 Nxd4 25. Qxd4 Be8 26. b5 Rc5 27. h4 Bf7 28. Rb4 d5 29. Rxa4 Rdc8 30. cxd5 Rxd5 31. Qa1 Rdc5 32. Rad4 Be6 33. a4 h5 34. Rd6 Bf7 35. Qd4 g5 36. Rd7 Qe6 37. hxg5 h4 38. gxh4 f4 39. Qf6 Qg4+ 40. Kh2 Qxh4+ 41. Kg1 Rxg5+ 42. Qxg5+ Qxg5+ 43. Kh2 Qh4+ 44. Bh3 Be6 45. Rg1+ Kf8 46. Rh7 Qxh7 47. Rg2 Qxh3+ 48. Kg1 Rc1# 0-1


[Site "https://www.chess.com"]